 Dungeon Crawl Stone Soup version 0.22.1-2-g9c5b331 (webtiles) character file.

8193 whitewolfNL the Carver (level 11, -3/97 HPs)
             Began as a Minotaur Berserker on Dec 18, 2018.
             Was a High Priest of Trog.
             Slain by a spectral eight-headed hydra (9 damage)
             ... on level 2 of the Lair of Beasts.
             The game lasted 00:46:31 (9793 turns).

whitewolfNL the Carver (Minotaur Berserker)         Turns: 9793, Time: 00:46:33

Health: -3/97      AC: 12    Str: 24    XL:     11   Next: 6%
Magic:  13/13      EV: 14    Int:  5    God:    Trog [*****.]
Gold:   541        SH:  5    Dex: 12    Spells: 10/10 levels left

rFire    . . .     SeeInvis .   u - +7 Screaming Sword
rCold    . . .     Gourm    .   k - +0 buckler
rNeg     . . .     Faith    .   z - +2 scale mail {MR+}
rPois    .         Spirit   .   (helmet unavailable)
rElec    .         Reflect  .   (no cloak)
rCorr    .         Harm     .   T - +0 pair of gloves
MR       +....                  (no boots)
Stlth    ..........             Q - amulet of the acrobat
HPRegen  0.26/turn              b - +2 ring of strength
MPRegen  0.13/turn              (no ring)

@: about to teleport, berserk cooldown, slowed, heavily drained, very slow
A: retaliatory headbutt, horns 3, repulsion field 1, rugged brown scales 1,
MP-powered wands
a: Berserk, Trog's Hand, Brothers in Arms, Renounce Religion


You were on level 2 of the Lair of Beasts.
You worshipped Trog.
Trog was extremely pleased with you.
You were near starving.

You visited 3 branches of the dungeon, and saw 12 of its levels.

You collected 742 gold pieces.
You spent 201 gold pieces at shops.

Inventory:

Hand Weapons
 a - a +0 flail of protection
 m - a +0 hand crossbow
 u - the +7 Screaming Sword (weapon)
   (You found it on level 4 of the Dungeon)
 v - a +1 flail of protection
 N - a +3 antimagic broad axe
 R - the +1 quarterstaff "Cytackeu" {venom, rPois rN+ Str+3}
   (You found it on level 1 of the Lair of Beasts)

   It poisons the flesh of those it strikes.
   It affects your strength (+3).
   It protects you from poison.
   It protects you from negative energy.
Missiles
 o - 102 bolts
 p - 72 sling bullets
 q - 208 arrows
 t - 62 poisoned needles
 x - 2 throwing nets (quivered)
 O - 3 tomahawks of dispersal
 S - 7 poisoned javelins
Armour
 i - a +0 plate armour
 k - a +0 buckler (worn)
 z - a +2 scale mail of magic resistance (worn)
 T - a +0 pair of gloves (worn)
Jewellery
 b - a +2 ring of strength (left hand)
 Q - an amulet of the acrobat (around neck)
Wands
 f - a wand of random effects (15)
 r - a wand of polymorph (15)
 D - a wand of flame (81)
 E - a wand of disintegration (13)
 H - a wand of paralysis (15)
 M - a wand of iceblast (12)
Scrolls
 j - 6 scrolls of teleportation
 l - a scroll of magic mapping
 n - 9 scrolls of remove curse
 s - a scroll of fog
 y - a scroll of enchant armour
 B - a scroll of blinking {unknown}
 F - a scroll of vulnerability
 I - 3 scrolls of enchant weapon
 L - 3 scrolls of fear {unknown}
Potions
 d - 6 potions of curing
 e - 2 potions of lignification
 g - 2 potions of flight
 h - 4 potions of heal wounds
 w - 3 potions of magic
 A - 3 potions of haste
 C - a potion of brilliance
 J - a potion of berserk rage {unknown}
 P - a potion of invisibility {unknown}
Miscellaneous
 U - a phantom mirror
Comestibles
 c - 25 rations


   Skills:
 * Level 8.8(7.1) Fighting
 * Level 9.6(8.0) Long Blades
 - Level 2.3(4.2) Axes
 - Level 8.3(7.0) Maces & Flails
 - Level 1.6(4.0) Staves
 * Level 8.8(7.2) Armour
 * Level 6.6(5.1) Dodging
 - Level 6.0(4.4) Shields
 * Level 4.7(3.2) Evocations


You had 10 spell levels left.
You didn't know any spells.
Your spell library was empty.

Dungeon Overview and Level Annotations

Branches:
Dungeon (9/15)             Temple (1/1) D:5            Lair (2/6) D:9
  Swamp: Lair:2-4    Shoals: Lair:2-4     Snake: Lair:2-4    Spider: Lair:2-4
    Orc: D:9-12

Altars:
Ashenzari
Cheibriados
Dithmenos
Elyvilon
Fedhas
Gozag
Hepliaklqana
Kikubaaqudgha
Makhleb
Nemelex Xobeh
Okawaru
Qazlal
Ru
Sif Muna
Trog
Uskayaw
Vehumet
Wu Jian
Xom
Yredelemnul
Zin
The Shining One

Shops:
D:7 *   D:8 }

Annotations:
Lair:2 HoaS's ghost, journeyman GrBe


Innate Abilities, Weirdness & Mutations

You reflexively headbutt those who attack you in melee.
You have a pair of large horns on your head.
You are surrounded by a mild repulsion field. (EV +2)
You are partially covered in rugged brown scales. (AC +1, +3% HP)
You expend magic power (3 MP) to strengthen your wands.


Message History

You kill the hippogriff!
Trog accepts your kill.
You hear a loud, deep croak!
The spectral eight-headed hydra barely misses you.
The spectral eight-headed hydra bites you.
* * * LOW HITPOINT WARNING * * *
The spectral eight-headed hydra bites you but does no damage.
The spectral eight-headed hydra completely misses you.
The spectral eight-headed hydra bites you.
* * * LOW HITPOINT WARNING * * *
You feel drained.
The spectral eight-headed hydra bites you.
* * * LOW HITPOINT WARNING * * *
You feel drained.
* * * LOW HITPOINT WARNING * * *
The spectral eight-headed hydra bites you but does no damage.
You block the spectral eight-headed hydra's attack.
The spectral eight-headed hydra is engulfed in freezing vapours.
The spectral eight-headed hydra bites you!
You die...

...##. ... ##.[=/.##
.#.......##.H.. .......#
............... ##.....## ..
................#.......#...
....#....##..##.###'''###...
........#.#...#...........P.
.........###...##........P#P
..............#.#Z..........
................@Z........[.
.................W..........
............................
....................[.......
............................
......P.....................
......≈PPP..P............#..
..#...≈≈≈≈PP...........#....
...#.≈≈♣≈♣P≈≈P........#...##


You could see 2 spectral eight-headed hydras and HoaS's ghost.

Vanquished Creatures
  A two-headed ogre (D:8)
  3 spiny frogs (Lair:1)
  A komodo dragon (Lair:1)
  2 hippogriffs
  A wyvern (D:9)
  Sigmund (D:3)
  2 yaks (Lair:1)
  Edmund (D:5)
  A spectral spiny frog (Lair:2)
  A hydra simulacrum (Lair:2)
  3 water moccasins
  A porcupine (Lair:1)
  5 orc warriors
  2 sky beasts
  2 phantoms
  A black mamba simulacrum (Lair:2)
  An ice beast (D:9)
  5 wolves (Lair:1)
  3 ogres
  6 centaurs
  2 crocodiles (Lair:1)
  7 bullfrogs
  8 scorpions
  3 wights (D:9)
  2 howler monkeys
  3 crimson imps (D:5)
  A centaur skeleton (D:8)
  2 jellies (D:8)
  A komodo dragon simulacrum (Lair:2)
  2 bullfrog zombies
  A centaur zombie (D:8)
  A hound (D:8)
  9 orc priests
  5 iguanas
  Jessica (D:3)
  6 orc wizards
  4 worker ants
  A killer bee zombie (D:7)
  A hound skeleton (D:8)
  2 worker ant zombies
  Robin (D:2)
  A howler monkey skeleton (D:6)
  20 adders
  A shadow imp (D:6)
  An ooze (D:1)
  An adder zombie (D:8)
  3 worms
  2 dart slugs
  5 leopard geckos
  37 orcs
  A ball python (D:2)
  15 bats
  3 giant cockroaches
  20 goblins
  9 hobgoblins
  10 jackals
  A quokka (D:8)
  5 frilled lizards
  9 kobolds
  A leopard gecko skeleton (D:5)
  4 rats
  A bush (D:5)
  A fungus (D:4)
  A plant (D:5)
258 creatures vanquished.

Vanquished Creatures (others)
  A fungus (D:4)
1 creature vanquished.

Grand Total: 259 creatures vanquished

Notes
Turn   | Place    | Note
-------+----------+-------------------------------------------
     0 | D:1      | whitewolfNL the Minotaur Berserker began the quest for the
                  | Orb.
     0 | D:1      | Reached XP level 1. HP: 19/19 MP: 0/0
   113 | D:1      | Reached XP level 2. HP: 27/27 MP: 1/1
   508 | D:1      | Reached XP level 3. HP: 32/33 MP: 2/2
   520 | D:1      | Reached ** piety under Trog
  1270 | D:2      | Reached XP level 4. HP: 25/41 MP: 3/3
  1270 | D:2      | Noticed Robin
  1274 | D:2      | Killed Robin
  1274 | D:2      | Reached skill level 5 in Maces & Flails
  2005 | D:3      | Gained mutation: You are clumsy. (Dex -2) [potion of
                  | mutation]
  2005 | D:3      | Gained mutation: You expend magic power (3 MP) to
                  | strengthen your wands. [potion of mutation]
  2006 | D:3      | Lost mutation: You are clumsy. (Dex -2) [potion of
                  | mutation]
  2006 | D:3      | Lost mutation: You expend magic power (3 MP) to strengthen
                  | your wands. [potion of mutation]
  2006 | D:3      | Gained mutation: Scrolls take you a little longer to read.
                  | [potion of mutation]
  2006 | D:3      | Gained mutation: Your spells are a little harder to cast,
                  | but a little more powerful. [potion of mutation]
  2006 | D:3      | Gained mutation: You are partially covered in thin metallic
                  | scales. (AC +2) [potion of mutation]
  2059 | D:3      | Reached XP level 5. HP: 47/47 MP: 4/4
  2068 | D:3      | Reached *** piety under Trog
  2229 | D:3      | You fall through a shaft for 2 floors!
  2229 | D:5      | Entered Level 5 of the Dungeon
  2291 | D:5      | Found a staircase to the Ecumenical Temple.
  2419 | D:5      | Reached skill level 1 in Shields
  2469 | D:5      | Noticed a sky beast
  2473 | D:5      | Killed a sky beast
  2473 | D:5      | Reached XP level 6. HP: 55/55 MP: 5/5
  2562 | D:5      | Found an opulent altar of Gozag.
  2611 | D:5      | Reached skill level 5 in Fighting
  2779 | D:5      | Reached XP level 7. HP: 61/61 MP: 6/6
  2781 | D:5      | Noticed Edmund
  2797 | D:5      | Killed Edmund
  2797 | D:5      | Reached skill level 5 in Armour
  2922 | D:5      | Found a shadowy altar of Dithmenos.
  2922 | D:5      | Found a burning altar of Makhleb.
  2922 | D:5      | Found a stormy altar of Qazlal.
  3231 | Temple   | Entered the Ecumenical Temple
  3612 | D:4      | Reached skill level 1 in Evocations
  4008 | D:4      | Found the +7 Singing Sword
  4028 | D:4      | Reached **** piety under Trog
  4190 | D:4      | Lost mutation: Your spells are a little harder to cast, but
                  | a little more powerful. [potion of mutation]
  4190 | D:4      | Lost mutation: Scrolls take you a little longer to read.
                  | [potion of mutation]
  4190 | D:4      | Gained mutation: You are agile. (Dex +2) [potion of
                  | mutation]
  4190 | D:4      | Gained mutation: You are very agile. (Dex +4) [potion of
                  | mutation]
  4327 | D:4      | Reached XP level 8. HP: 70/70 MP: 8/8
  4412 | D:4      | Reached skill level 1 in Long Blades
  4432 | D:4      | Found a shattered altar of Ashenzari.
  4843 | D:3      | Noticed Sigmund
  4848 | D:3      | Killed Sigmund
  4848 | D:3      | Reached skill level 2 in Long Blades
  4877 | D:3      | Found a sparkling altar of Nemelex Xobeh.
  4967 | D:3      | Noticed Jessica
  4974 | D:3      | Killed Jessica
  5187 | D:6      | Reached skill level 3 in Long Blades
  5266 | D:6      | Reached skill level 4 in Long Blades
  5325 | D:6      | Reached ***** piety under Trog
  5490 | D:6      | Reached skill level 5 in Long Blades
  5490 | D:6      | Reached XP level 9. HP: 43/78 MP: 9/9
  6072 | D:7      | Found a bloodstained altar of Trog.
  6165 | D:7      | Found an opulent altar of Gozag.
  6282 | D:7      | Found Wigocew's General Store.
  6287 | D:7      | Bought a scroll of enchant weapon for 97 gold pieces
  6287 | D:7      | Bought a scroll of teleportation for 39 gold pieces
  6287 | D:7      | Bought a scroll of identify for 26 gold pieces
  6287 | D:7      | Bought a scroll of teleportation for 39 gold pieces
  6289 | D:7      | Lost mutation: You are very agile. (Dex +4) [potion of
                  | mutation]
  6289 | D:7      | Lost mutation: You are partially covered in thin metallic
                  | scales. (AC +2) [potion of mutation]
  6289 | D:7      | Lost mutation: You are agile. (Dex +2) [potion of mutation]
  6289 | D:7      | Gained mutation: You expend magic power (3 MP) to
                  | strengthen your wands. [potion of mutation]
  6289 | D:7      | Gained mutation: You are partially covered in rugged brown
                  | scales. (AC +1, +3% HP) [potion of mutation]
  6289 | D:7      | Gained mutation: You are surrounded by a mild repulsion
                  | field. (EV +2) [potion of mutation]
  6289 | D:7      | Gained mutation: You have a pair of large horns on your
                  | head. [potion of mutation]
  6389 | D:7      | Reached skill level 5 in Dodging
  6521 | D:8      | Reached skill level 6 in Long Blades
  6787 | D:8      | Noticed a two-headed ogre
  6794 | D:8      | Killed a two-headed ogre
  6794 | D:8      | Reached skill level 7 in Long Blades
  6940 | D:8      | Reached skill level 8 in Long Blades
  7164 | D:8      | Received a gift from Trog
  7171 | D:8      | Reached XP level 10. HP: 43/88 MP: 11/11
  7181 | D:8      | Found Anluohen's Gadget Boutique.
  7767 | D:9      | Reached skill level 1 in Axes
  7915 | D:9      | Found a staircase to the Lair.
  8002 | D:9      | Reached skill level 5 in Shields
  8482 | Lair:1   | Entered Level 1 of the Lair of Beasts
  8547 | Lair:1   | Reached skill level 9 in Long Blades
  8554 | Lair:1   | Noticed a spiny frog
  8562 | Lair:1   | HP: 4/90 [spiny frog (15)]
  8563 | Lair:1   | Killed a spiny frog
  8600 | Lair:1   | Got a brightly glowing quarterstaff
  8607 | Lair:1   | Identified the +1 quarterstaff "Cytackeu" {venom, rPois rN+
                  | Str+3} (You found it on level 1 of the Lair of Beasts)
  9006 | Lair:1   | Noticed a spiny frog
  9006 | Lair:1   | Noticed a spiny frog
  9010 | Lair:1   | Killed a spiny frog
  9010 | Lair:1   | Reached skill level 1 in Staves
  9018 | Lair:1   | Killed a spiny frog
  9327 | Lair:1   | Reached XP level 11. HP: 97/97 MP: 13/13
  9761 | Lair:2   | Found a runed gate.
  9762 | Lair:2   | Found a runed gate.
  9768 | Lair:2   | Found a runed gate.
  9784 | Lair:2   | Noticed HoaS's ghost (journeyman GrBe)
  9793 | Lair:2   | Slain by a spectral eight-headed hydra

Skill      XL: |  1  2  3  4  5  6  7  8  9 10 |
---------------+-------------------------------+-----
Fighting       | 4 5 6 7 8 |  8.8
Maces & Flails | 4 5 6 7 8 |  8.3
Armour         | 3 4 5 6 7 8 |  8.8
Dodging        | 3 4 5 6 |  6.6
Shields        | 1 2 3 4 6 |  6.0
Evocations     | 1 2 3 4 |  4.7
Long Blades    | 5 8 9 |  9.6
Axes           | 2 |  2.3
Staves         | 1 |  1.6

Action                   |  1- 3 |  4- 6 |  7- 9 | 10-12 || total
-------------------------+-------+-------+-------+-------++-------
Melee: Mace              |    82 |    57 |       |       ||   139
       Headbutt          |     9 |    14 |    63 |    27 ||   113
       Flail             |       |    48 |   107 |       ||   155
       Double sword      |       |       |   141 |    45 ||   186
       Broad axe         |       |       |       |    61 ||    61
       Quarterstaff      |       |       |       |    15 ||    15
Invok: Berserk           |     3 |     3 |     8 |     4 ||    18
  Use: Scroll            |     2 |     8 |     6 |     4 ||    20
       Potion            |       |     2 |     2 |     2 ||     6
  Eat: Chunk             |     3 |     8 |    14 |     8 ||    33
       Ration            |       |       |     2 |     1 ||     3
Armor: Scale mail        |    42 |    22 |    68 |    53 ||   185
       Animal skin       |     3 |       |       |       ||     3
       Plate armour      |       |    43 |     9 |       ||    52
Dodge: Dodged            |    74 |    57 |   126 |   127 ||   384
Block: Buckler           |       |     7 |    35 |    38 ||    80
       Rpst.: Double sword |       |       |    26 |    10 ||    36
